[Event "NJSK 2022 Jeugd B"]
[Site "Almelo, Netherlands"]
[Date "2022.05.01"]
[Round "1.1"]
[White "Labruyere, Roger"]
[Black "Blom, Rens"]
[Result "1-0"]
[TimeControl "90min/40moves + 30min + 30sec/move"]
[WhiteElo "2199"]
[BlackElo "1699"]

1. c4 Nf6 2. d4 g6 3. g3 Bg7 4. Bg2 O-O 5. Nf3 d6 6. O-O a6 7. Nc3 Nc6 8. e4 Rb8 9. a4 e5 10.
dxe5 dxe5 11. Qxd8 Rxd8 12. Bg5 Re8 13. Bxf6 Bxf6 14. Nd5 Bd8 15. b4 Nd4 16. Nxd4 exd4 17. Rfd1 c6 18. Nf4 Bf6 19.
Nd3 a5 20. b5 Bg4 21. Rd2 cxb5 22. axb5 b6 23. f4 Rbc8 24. e5 Be7 25. Bd5 Kg7 26. Nf2 Bb4 27. Rda2 Be6 28. Ne4 Red8 29.
Bxe6 fxe6 30. Ng5 Re8 31. Rc1 h6 32. Ne4 Red8 33. Kf2 Be7 34. Rd2 g5 35. Ke2 Kg6 36. Kd3 Kf5 37. fxg5 hxg5 38.
Rf1+ Kg6 39. Rdf2 Rf8 40. Rxf8 Rxf8 41. Rxf8 Bxf8 42. g4 Be7 43. Kxd4 Kf7 44. c5 bxc5+ 45. Nxc5 Bd8 46. Na4 Ke7 47.
Kc5 Kd7 48. b6 Kc8 49. Kc6 Bc7 50. b7+ Kb8 51. Nc5 a4 52. Nd7+ 1-0

[Event "NJSK 2022 Jeugd B"]
[Site "Almelo, Netherlands"]
[Date "2022.05.01"]
[Round "1.2"]
[White "Niemeijer, Leon"]
[Black "Van der Hagen, Loek"]
[Result "1/2-1/2"]
[TimeControl "90min/40moves + 30min + 30sec/move"]
[WhiteElo "1693"]
[BlackElo "2071"]

1. d4 Nf6 2. c4 c5 3. d5 b5 4. cxb5 a6 5. bxa6 e6 6. dxe6 fxe6 7. e3 d5 8. Nf3 Bd6 9. Bb5+ Nbd7 10.
Nc3 O-O 11. O-O Qb6 12. a4 Bxa6 13. Bxa6 Rxa6 14. Nb5 Ne5 15. Nxe5 Bxe5 16. f4 Bb8 17. b3 e5 18. Bb2 c4 19.
fxe5 Bxe5 20. Bd4 Qb8 21. h3 Re8 22. Bxe5 Qxe5 23. Re1 Ne4 24. bxc4 dxc4 25. Qd4 Qg3 26. Qxc4+ Kh8 27. Qf7 Rd8 28. Qf3 Qxf3 29. gxf3 Rg6+ 30.
Kf1 Ng3+ 31. Kg1 Rd2 32. Nd4 Nh5+ 33. Kf1 Ng3+ 34. Kg1 Nh5+ 35. Kf1 Ng3+ 1/2-1/2

[Event "NJSK 2022 Jeugd B"]
[Site "Almelo, Netherlands"]
[Date "2022.05.01"]
[Round "1.3"]
[White "Slagboom, Leandro"]
[Black "Wierenga, Jael"]
[Result "1-0"]
[TimeControl "90min/40moves + 30min + 30sec/move"]
[WhiteElo "1997"]
[BlackElo "1691"]

1. d4 Nf6 2. Nf3 d5 3. c4 e6 4. g3 Be7 5. Bg2 O-O 6. O-O c6 7. Qc2 dxc4 8. Qxc4 b5 9. Qb3 Bb7 10.
Rd1 Qb6 11. Be3 Nd5 12. Bg5 Nd7 13. e4 N5f6 14. Nc3 h6 15. Be3 Qa5 16. Ne1 a6 17. Nd3 Rac8 18. Qc2 b4 19. Na4 Rfd8 20.
Nac5 Nxc5 21. dxc5 Qb5 22. a3 a5 23. axb4 axb4 24. b3 Ba6 25. Nb2 Qe2 26. Qc1 Rxd1+ 27. Qxd1 Qxd1+ 28. Rxd1 Ng4 29.
Rd7 Bf6 30. Na4 Nxe3 31. fxe3 Bb5 32. Nb6 Rd8 33. Bf1 Bxf1 34. Kxf1 Rxd7 35. Nxd7 Be7 36. Ke2 f5 37. exf5 exf5 38.
Kd3 Kf7 39. Kd4 Ke6 40. Nb8 Bf6+ 41. Kc4 Bg5 42. Nxc6 Bxe3 43. Nxb4 Bg1 44. h3 Bf2 45. g4 f4 46. Nd3 Be3 47.
Ne1 Ke5 48. b4 Ke4 49. b5 f3 50. Nxf3 Kxf3 51. Kd5 Kg3 52. c6 Bb6 53. Kd6 Kxh3 54. c7 Bxc7+ 55. Kxc7 Kxg4 56. b6 h5 57.
b7 Kg3 58. b8=Q h4 59. Qg8 h3 60.
Qxg7+ Kf2 61. Qh6 Kg2 62. Qg5+ Kh1 63. Qf5 Kg2 64. Qg4+ Kh2 65. Kd6 1-0

[Event "NJSK 2022 Jeugd B"]
[Site "Almelo, Netherlands"]
[Date "2022.05.01"]
[Round "1.4"]
[White "Knol, Daniel"]
[Black "Achuthan, Dylan"]
[Result "0-1"]
[TimeControl "90min/40moves + 30min + 30sec/move"]
[WhiteElo "1685"]
[BlackElo "1995"]

1. e4 c5 2. c3 d5 3. exd5 Qxd5 4.
Nf3 Nf6 5. Be2 Nc6 6. O-O e5 7. Na3 Be7 8. Bc4 Qd7 9. Bb5 Qc7 10. Bxc6+ bxc6 11. Nc4 e4 12. Nfe5 Bf5 13. Qa4 Rc8 14.
f4 h5 15. Na5 O-O 16. Naxc6 Bd6 17. Qxa7 Bxe5 18. fxe5 Qxc6 19. Rxf5 Nd5 20. Qa3 Qe6 21. Rf2 Qxe5 22. c4 Nb4 23. Qc3 Qe6 24. b3 Nd3 25. Bb2 f6 26. Re2 Qg4 27. Kf1 Qf4+ 28.
Kg1 Qg4 29. Kf1 Rfe8 30. Re3 Re5 31. Rg3 Rf5+ 32. Kg1 Qf4 33. Rf3 exf3 34. Qxd3 Rg5 35. g3 Rxg3+ 36. hxg3 Qxg3+ 37. Kf1 Qg2+ 38. Ke1 f2+ 0-1

[Event "NJSK 2022 Jeugd B"]
[Site "Almelo, Netherlands"]
[Date "2022.05.01"]
[Round "1.5"]
[White "Klaren, Oscar"]
[Black "Van Egmond, Tom"]
[Result "1-0"]
[TimeControl "90min/40moves + 30min + 30sec/move"]
[WhiteElo "1878"]
[BlackElo "1672"]

1. e4 e5 2. Nf3 Nc6 3. Nc3 Nf6 4.
d4 exd4 5. Nxd4 Nxe4 6. Nxe4 Qe7 7. f3 d5 8. Bb5 Bd7 9. Bxc6 bxc6 10. O-O dxe4 11. Re1 O-O-O 12. Rxe4 Qb4 13. Nb3 Qb7 14.
Qe2 Bd6 15. Be3 Rhe8 16. Rxe8 Rxe8 17. Qf2 Qb5 18. g3 h5 19. a4 Qc4 20. Rd1 Qe6 21. Bc5 Qe2 22. Rd2 Qxf2+ 23. Kxf2 Be6 24.
Bxd6 cxd6 25. Rxd6 Bd5 26. Nd4 Kc7 27. Nb5+ cxb5 28. Rxd5 bxa4 29. Ra5 Kb6 30. Rxa4 a5 31. Rd4 Kc6 32. Rf4 Kd6 33. Rc4 g6 34.
h4 Re7 35. b3 Re5 36. Rf4 Ke6 37. Rd4 Rc5 38. Re4+ Re5 39. Ke3 Kd6 40. Rxe5 Kxe5 41. c4 f6 42. f4+ Kd6 43. Kd4 Kc6 44. c5 Kb5 45. Kd5 1-0

[Event "NJSK 2022 Jeugd B"]
[Site "Almelo, Netherlands"]
[Date "2022.05.01"]
[Round "1.6"]
[White "Aarts, Joaquin"]
[Black "Bakija, Alan"]
[Result "1-0"]
[TimeControl "90min/40moves + 30min + 30sec/move"]
[WhiteElo "1631"]
[BlackElo "1868"]

1. d4 d5 2. Bf4 c6 3. c3 Bf5 4. Nd2 Nf6 5. f3 Nbd7 6. Qb3 e5 7. dxe5 Nc5 8. Qd1 Nh5 9. Be3 Be7 10.
Nb3 Nd7 11. Nd4 Be6 12. f4 g6 13. Nxe6 fxe6 14. Nf3 c5 15. g3 Qc7 16. Bh3 Ng7 17. O-O O-O 18. Rc1 Rfd8 19. Bf2 g5 20.
e3 h6 21. Qc2 Nf8 22. Rfd1 Qc6 23. Nd2 h5 24. e4 g4 25. Bg2 Nd7 26. exd5 exd5 27. c4 Nb6 28. cxd5 Nxd5 29. Qb3 Qe6 30.
Bxc5 Nf5 31. Ne4 Nc7 32. Bxe7 Rxd1+ 33. Rxd1 Nxe7 34. Nf6+ Kf8 35. Qxb7 Rc8 36. Nh7+ Ke8 37. Bc6+ Qxc6 38.
Nf6+ Kf8 39. Nh7+ Kf7 40. Ng5+ Ke8 41. Qxc6+ Nxc6 42. Rc1 Kd7 43. Ne4 Nd5 44. Rd1 Nce7 45. f5 Kc6 46. f6 Ng6 47. Rc1+ Kd7 48. e6+ Kd8 49.
e7+ Ndxe7 50. fxe7+ Nxe7 51. Rxc8+ Kxc8 52. Nf6 Kc7 53. Kf2 Kd6 54. Nxh5 Nd5 55. Nf4 Nb4 56. a3 Nc2 57. Ng2 Kc5 58. Ne3 Nd4 59. Nxg4 Kc4 60. h4 Kb3 61.
h5 Ne6 62. h6 Ng5 63. Nf6 Kxb2 64. h7 Nf7 65. a4 Kb3 66. a5 Kb4 67. g4 Kxa5 68. g5 Nh8 69. Nd5 Ka4 70. Nf4 a5 71.
g6 Nxg6 72. Nxg6 Kb3 73. h8=Q a4 74. Qa1 Kc4 1-0

[Event "NJSK 2022 Jeugd B"]
[Site "Almelo, Netherlands"]
[Date "2022.05.01"]
[Round "1.7"]
[White "Wage, Sander"]
[Black "De Heij, Mees"]
[Result "1-0"]
[TimeControl "90min/40moves + 30min + 30sec/move"]
[WhiteElo "1859"]
[BlackElo "1622"]

1. d4 Nf6 2. Bf4 d5 3. e3 Bf5 4. c4 c6 5. Nc3 e6 6. Qb3 Qd7 7. Nf3 Be7 8. Be2 O-O 9. Rc1 Qc8 10.
O-O Nh5 11. cxd5 Nxf4 12. exf4 exd5 13. Nxd5 Qd7 14. Nxe7+ Qxe7 15. Rfe1 Qc7 16. g3 Rd8 17. Bc4 Bg6 18. Ne5 a5 19.
a4 Na6 20. f5 Bxf5 21. Bxf7+ Kh8 22. Qf3 Qc8 23. g4 Be6 24. Ng6+ 1-0

[Event "NJSK 2022 Jeugd B"]
[Site "Almelo, Netherlands"]
[Date "2022.05.01"]
[Round "1.8"]
[White "De Rooij, Kevin"]
[Black "Alvares, Thomas"]
[Result "1-0"]
[TimeControl "90min/40moves + 30min + 30sec/move"]
[WhiteElo "1584"]
[BlackElo "1789"]

1. c4 Nf6 2. Nc3 e6 3. g3 d5 4. cxd5 exd5 5. d4 c6 6. Bg2 Bd6 7. e3 O-O 8. Nge2 Re8 9. Qc2 Nbd7 10.
O-O Nf8 11. b3 Ne6 12. e4 dxe4 13. Nxe4 Nxe4 14. Bxe4 h6 15. Be3 Ng5 16. Bg2 Bg4 17. Nc3 Rc8 18. Qd3 Bb4 19. Rac1 Qf6 20.
f4 Nh3+ 21. Kh1 Bf5 22. Qe2 Qe6 23. Rfe1 Bxc3 24. Rxc3 g5 25. Qf3 Qg6 26. g4 Nxf4 27. gxf5 Qxf5 28. Rf1 1-0

[Event "NJSK 2022 Jeugd B"]
[Site "Almelo, Netherlands"]
[Date "2022.05.01"]
[Round "1.9"]
[White "Groen, Jari"]
[Black "Smid, Jelle"]
[Result "1-0"]
[TimeControl "90min/40moves + 30min + 30sec/move"]
[WhiteElo "1750"]
[BlackElo "1450"]

1. e4 e6 2. d4 d5 3. Nc3 Nc6 4. e5 f6 5. Bd3 Qe7 6. Nf3 Qf7 7. Bf4 f5 8. O-O h6 9. h4 g6 10.
Ne2 Nb4 11. c4 Bd7 12. Nc3 Ne7 13. Rc1 Nxd3 14. Qxd3 Bc6 15. b3 Qh7 16. Bd2 g5 17. Rfd1 gxh4 18. Nxh4 Rd8 19. Bf4 Rg8 20.
c5 Rg4 21. g3 Ng6 22. Nxg6 Rxg6 23. Kf1 Be7 24. Ke1 h5 25. Kd2 Kf7 26. Rh1 h4 27. gxh4 Rg4 28. Ne2 a6 29. a4 Rxh4 30.
Rxh4 Qxh4 31. Qg3 Rh8 32. Rg1 Qxg3 33. Nxg3 Rh4 34. Ne2 Be8 35. Ke3 Kf8 36. Bg5 Rh3+ 37. f3 Bxg5+ 38. Rxg5 Rh1 39. Kd2 b5 40. cxb6 cxb6 41. Nf4 Bf7 42.
Rg3 Rh2+ 43. Kc3 Rh8 44. Rh3 Rxh3 45. Nxh3 Ke7 46. Kb4 Kd7 47. a5 Kc6 48. Ng5 Bg8 49. Ka4 Kb7 50. Nh3 Bf7 51.
Nf4 Be8+ 52. Kb4 Bd7 53. Ng6 Kc7 54. Nf8 Bc8 55. Ka4 Kb7 56. axb6 Kxb6 57. b4 Kb7 58. Ka5 Ka7 59. b5 axb5 60. Kxb5 Kb7 61. Kc5 Kc7 62.
f4 Bd7 63. Nxd7 Kxd7 64. Kb6 Ke8 65. Kc6 1-0

[Event "NJSK 2022 Jeugd B"]
[Site "Almelo, Netherlands"]
[Date "2022.05.02"]
[Round "2.1"]
[White "Wage, Sander"]
[Black "Labruyere, Roger"]
[Result "1/2-1/2"]
[TimeControl "90min/40moves + 30min + 30sec/move"]
[WhiteElo "1859"]
[BlackElo "2199"]

1. d4 c5 2. d5 Nf6 3. Nc3 g6 4. e4 d6 5. Bd2 Bg7 6. Nf3 Bg4 7. Be2 O-O 8. O-O e6 9. dxe6 fxe6 10.
Ng5 Bxe2 11. Qxe2 Re8 12. e5 dxe5 13. Nce4 Nc6 14. c3 Qe7 15. Nxf6+ Bxf6 16. Ne4 Nd8 17. f4 Nf7 18. fxe5 Bxe5 19.
Rf3 Qc7 20. Raf1 Nd6 21. Ng5 1/2-1/2

[Event "NJSK 2022 Jeugd B"]
[Site "Almelo, Netherlands"]
[Date "2022.05.02"]
[Round "2.2"]
[White "Groen, Jari"]
[Black "Slagboom, Leandro"]
[Result "0-1"]
[TimeControl "90min/40moves + 30min + 30sec/move"]
[WhiteElo "1750"]
[BlackElo "1997"]

1. e4 c5 2. Nf3 d6 3. d4 cxd4 4. Nxd4 Nf6 5. Nc3 a6 6. Bg5 e6 7. f4 Be7 8. Qf3 Qc7 9. Bd3 Nbd7 10.
O-O-O h6 11. Bh4 g5 12. fxg5 Ne5 13. Qe2 Nfg4 14. h3 hxg5 15. Bg3 Nf6 16. Nf3 Nh5 17. Qf2 Nxg3 18. Qxg3 Qc5 19.
Nxe5 dxe5 20. Rhf1 b5 21. Qf3 Rf8 22. Be2 Bd7 23. Rd3 Rc8 24. Rfd1 g4 25. Qxg4 b4 26. Rxd7 bxc3 27. R7d3 cxb2+ 28. Kxb2 Qxc2+ 29. Ka1 Rb8 30. Rb3 Rxb3 31. axb3 Bb4 32. Rd3 Ba3 0-1

[Event "NJSK 2022 Jeugd B"]
[Site "Almelo, Netherlands"]
[Date "2022.05.02"]
[Round "2.3"]
[White "Achuthan, Dylan"]
[Black "Aarts, Joaquin"]
[Result "1-0"]
[TimeControl "90min/40moves + 30min + 30sec/move"]
[WhiteElo "1995"]
[BlackElo "1631"]

1. e4 c5 2. Nf3 d6 3. c3 Nf6 4. Be2 g6 5. Qc2 Qc7 6. d3 Bg7 7. h3 O-O 8. Bf4 e5 9. Bh2 Nc6 10.
a4 Bd7 11. Nbd2 a6 12. d4 cxd4 13. cxd4 Qa5 14. O-O Rac8 15. Nc4 Nxd4 16. Nxd4 exd4 17. Qd3 Qd8 18. Nxd6 Rc6 19. Bf3 Ne8 20.
e5 Rb6 21. Nxb7 Qg5 22. Qxd4 Rb3 23. h4 Qf5 24. Be4 Qg4 25. f3 Qxh4 26. Qxd7 Rxb2 27. Rab1 Re2 28. Qd3 Ra2 29. Ra1 Rb2 30.
f4 Bh6 31. Bg3 Qg4 32. Qf3 Qd7 33. Kh1 f6 34. Bd5+ Kh8 35. e6 Qc7 36. f5 Qc2 37. e7 1-0

[Event "NJSK 2022 Jeugd B"]
[Site "Almelo, Netherlands"]
[Date "2022.05.02"]
[Round "2.4"]
[White "De Rooij, Kevin"]
[Black "Klaren, Oscar"]
[Result "1-0"]
[TimeControl "90min/40moves + 30min + 30sec/move"]
[WhiteElo "1584"]
[BlackElo "1878"]

1. c4 c5 2. Nc3 Nc6 3. e4 g6 4. g3 Bg7 5. Bg2 Nf6 6. Nge2 O-O 7. O-O d6 8. d3 Bd7 9. h3 a6 10.
a4 Rb8 11. Bd2 Ne8 12. Rb1 Nc7 13. f4 b5 14. axb5 axb5 15. b3 Nd4 16. Nxd4 Bxd4+ 17. Kh2 e6 18. Ne2 Bg7 19. Bc3 Bxc3 20.
Nxc3 Qf6 21. Qd2 bxc4 22. bxc4 Na6 23. e5 Qd8 24. exd6 Rxb1 25. Rxb1 Nb4 26. Ne4 Bc6 27. Rd1 Bxe4 28.
dxe4 e5 29. Qc3 Nc6 30. Rd5 f6 31. Qa3 Nd4 32. Qxc5 Qb8 33. Rxd4 exd4 34. Qd5+ Kg7 35. Qxd4 Qb4 36. e5 Rc8 37.
d7 Rd8 38. e6 Qe7 39. Qd5 h5 40. c5 h4 41. g4 Rb8 42. g5 Kh7 43. Qd6 Qd8 44. e7 1-0

[Event "NJSK 2022 Jeugd B"]
[Site "Almelo, Netherlands"]
[Date "2022.05.02"]
[Round "2.5"]
[White "Van der Hagen, Loek"]
[Black "Bakija, Alan"]
[Result "1-0"]
[TimeControl "90min/40moves + 30min + 30sec/move"]
[WhiteElo "2071"]
[BlackElo "1868"]

1. e4 c6 2. Nc3 d5 3. Nf3 Bg4 4.
h3 Bxf3 5. Qxf3 e6 6. Be2 Bc5 7. Qg3 Bd4 8. exd5 exd5 9. O-O Ne7 10. Qg4 Bf6 11. d4 O-O 12. Bd3 Qd7 13. Ne2 Qxg4 14.
hxg4 h6 15. c3 Nd7 16. Ng3 c5 17. Bb5 Nc6 18. dxc5 Nxc5 19. Rd1 Rfd8 20. Nh5 Be7 21. Be3 a6 22. Be2 Ne6 23. Bf3 d4 24.
cxd4 Nexd4 25. Be4 Rab8 26. Ng3 Bf6 27. Nh5 Be5 28. f4 Bc7 29. Kf2 Ne6 30. f5 Ng5 31. Bxc6 bxc6 32. Rxd8+ Rxd8 33.
Rc1 Be5 34. Rxc6 Bxb2 35. Rxa6 Ne4+ 36. Kf3 Nd2+ 37. Bxd2 Rxd2 38. Ra8+ Kh7 39. Ra7 Rd3+ 40. Ke2 Ra3 41. Rxa3 Bxa3 42.
Nf4 Kg8 43. Nd5 Kf8 44. Kd3 Ke8 45. Nb6 Ke7 46. Ke4 Bc5 47. Nc4 g6 48. a4 Kf6 49. a5 Kg5 50. Ne5 gxf5+ 51. gxf5 1-0

[Event "NJSK 2022 Jeugd B"]
[Site "Almelo, Netherlands"]
[Date "2022.05.02"]
[Round "2.6"]
[White "Alvares, Thomas"]
[Black "Niemeijer, Leon"]
[Result "0-1"]
[TimeControl "90min/40moves + 30min + 30sec/move"]
[WhiteElo "1789"]
[BlackElo "1693"]

1. e4 e6 2. d4 d5 3. Nc3 Nf6 4. e5 Nfd7 5. f4 c5 6. Nf3 Nc6 7. Be3 cxd4 8. Nxd4 Qb6 9. Na4 Qa5+ 10.
c3 Nxd4 11. b4 Bxb4 12. Bxd4 Be7 13. Rb1 a6 14. Bd3 b5 15. Nb2 Bc5 16. Ke2 Qxa2 17. Qc2 Qa5 18. f5 exf5 19. Bxf5 Bxd4 20.
cxd4 Qb6 21. e6 fxe6 22. Bxh7 Qxd4 23. Bg6+ Ke7 24. h3 Bb7 25. Rhf1 Rhf8 26. Nd3 Rac8 27. Qd2 Rxf1 28. Rxf1 Nf6 29.
Rf4 Qc3 30. Qe3 Qc2+ 31. Kf1 Qb1+ 32. Kf2 Rc2+ 33. Kg3 d4 34. Qxd4 Rxg2+ 35. Kh4 Rxg6 36. Qc5+ Ke8 0-1

[Event "NJSK 2022 Jeugd B"]
[Site "Almelo, Netherlands"]
[Date "2022.05.02"]
[Round "2.7"]
[White "Blom, Rens"]
[Black "Van Egmond, Tom"]
[Result "0-1"]
[TimeControl "90min/40moves + 30min + 30sec/move"]
[WhiteElo "1699"]
[BlackElo "1672"]

1. c4 e5 2. Nc3 Nf6 3. Nf3 Nc6 4. e4 Bb4 5. d3 d6 6. g3 Bg4 7. Bg2 Nd4 8. h3 Bxf3 9. Bxf3 Bc5 10.
Bg2 c6 11. O-O O-O 12. Kh2 Nd7 13. f4 exf4 14. Bxf4 Ne5 15. a3 a5 16. Ne2 Qb6 17. Be3 Nxe2 18. Bxc5 Qxc5 19. Qxe2 Qd4 20.
Rad1 Ra6 21. Qf2 c5 22. Qxd4 cxd4 23. Rd2 Rb6 24. Rf5 Rb3 25. c5 g6 26. Rff2 dxc5 27. Bf1 Rd8 28. Rc2 Nxd3 29.
Bxd3 Rxd3 30. Rxc5 Re3 31. Rc7 f5 32. exf5 d3 33. Rd2 Re2+ 34. Rxe2 dxe2 35. Re7 Rd2 36. Kg1 gxf5 37. Kf2 Rxb2 38.
Rxe2 Rxe2+ 39. Kxe2 b5 40. Kd3 h5 41. h4 Kf7 42. Kd4 Ke6 43. Kc5 b4 44. axb4 axb4 45. Kxb4 Kd5 0-1

[Event "NJSK 2022 Jeugd B"]
[Site "Almelo, Netherlands"]
[Date "2022.05.02"]
[Round "2.8"]
[White "Wierenga, Jael"]
[Black "De Heij, Mees"]
[Result "1-0"]
[TimeControl "90min/40moves + 30min + 30sec/move"]
[WhiteElo "1691"]
[BlackElo "1622"]

1. d4 d5 2. Bf4 Nf6 3. e3 e6 4.
Nf3 c5 5. c3 Nc6 6. Nbd2 Be7 7. Bd3 c4 8. Bc2 b5 9. a3 Qb6 10. O-O O-O 11. e4 dxe4 12. Nxe4 Nd5 13. Bg5 Bb7 14.
Bxe7 Ncxe7 15. Ne5 Rad8 16. Nc5 Bc6 17. Qg4 Nf6 18. Qh3 Ned5 19. Nxe6 Bd7 20. Nxd7 fxe6 1-0

[Event "NJSK 2022 Jeugd B"]
[Site "Almelo, Netherlands"]
[Date "2022.05.02"]
[Round "2.9"]
[White "Smid, Jelle"]
[Black "Knol, Daniel"]
[Result "1-0"]
[TimeControl "90min/40moves + 30min + 30sec/move"]
[WhiteElo "1450"]
[BlackElo "1685"]

1. d4 Nf6 2. c4 e6 3. Nf3 d5 4. Nc3 Be7 5. Bg5 Nbd7 6. e3 h6 7. Bh4 b6 8. cxd5 exd5 9. Bd3 Bb7 10.
O-O O-O 11. Rc1 c5 12. Qe2 c4 13. Bc2 Ne4 14. Bxe7 Nxc3 15. bxc3 Qxe7 16. e4 dxe4 17. Nd2 Nf6 18. Rfe1 Rfe8 19.
f3 e3 20. Nf1 Nd5 21. Be4 Nf4 22. Qxe3 Qg5 23. g3 Nh3+ 24. Kg2 Bxe4 25. fxe4 Qg4 26. Qf3 Qxf3+ 27. Kxf3 Ng5+ 28. Kf4 Nh3+ 29.
Ke3 Ng5 30. Nd2 Nxe4 31. Nxe4 f5 32. Kf4 fxe4 33. Rxe4 Rf8+ 34. Ke3 Rae8 35. Rc2 b5 36. d5 Rd8 37. Rd2 Rf6 38. Kd4 Rfd6 39.
Kc5 a6 40. Rdd4 Kf7 41. Rf4+ Ke7 42. Rde4+ Kd7 43. Rf7+ Kc8 44. Re5 g5 45. Rfe7 R8d7 46. a3 Rxd5+ 47. Rxd5 Rxe7 48. Rd6 Re3 49. Rxa6 Rxc3 50. Kxb5 h5 51.
a4 Rc2 52. h4 gxh4 53. gxh4 Rh2 54. Rc6+ Kb7 55. Rxc4 Rb2+ 56. Kc5 Rg2 57. Kd5 Kb6 58. Ke5 Ka5 59. Kf5 Rg3 60. Kf6 Kb6 61. a5+ Kb5 62. Rf4 Kxa5 63.
Rf5+ Kb6 64. Rxh5 Kc6 65. Re5 Kd6 66. Re1 Rg8 67. Rd1+ Kc7 68. h5 1-0

[Event "NJSK 2022 Jeugd B"]
[Site "Almelo, Netherlands"]
[Date "2022.05.03"]
[Round "3.1"]
[White "Slagboom, Leandro"]
[Black "Achuthan, Dylan"]
[Result "1/2-1/2"]
[TimeControl "90min/40moves + 30min + 30sec/move"]
[WhiteElo "1997"]
[BlackElo "1995"]

1. e4 Nf6 2. e5 Nd5 3. d4 d6 4. c4 Nb6 5. f4 dxe5 6. fxe5 c5 7. d5 e6 8. Nf3 exd5 9. Bg5 Be7 10.
Bxe7 Kxe7 11. Nc3 1/2-1/2

[Event "NJSK 2022 Jeugd B"]
[Site "Almelo, Netherlands"]
[Date "2022.05.03"]
[Round "3.2"]
[White "Niemeijer, Leon"]
[Black "De Rooij, Kevin"]
[Result "1-0"]
[TimeControl "90min/40moves + 30min + 30sec/move"]
[WhiteElo "1693"]
[BlackElo "1584"]

1. d4 d5 2. c4 c6 3. Nf3 Nf6 4. e3 Bf5 5. Nc3 e6 6. Nh4 Bg6 7. Nxg6 hxg6 8. Qb3 Qc7 9. cxd5 exd5 10.
Bd2 Bd6 11. Rc1 Nbd7 12. Nb5 Qb8 13. Nxd6+ Qxd6 14. Qxb7 O-O 15. Rxc6 Qe7 16. Qb3 Ne4 17. Bb4 Qh4 18. Qc2 Rfe8 19.
Bd3 Nxf2 20. Qxf2 Qxd4 21. O-O Qxd3 22. Qxf7+ Kh8 23. Qxd7 Qxe3+ 24. Kh1 a5 25. Bc3 Re7 26. Qh3+ Qxh3 27.
gxh3 Re2 28. Rd6 Rae8 29. Rxd5 Rc2 30. Rd2 Re2 31. Rxe2 Rxe2 32. Rf7 Rc2 33. Rc7 1-0

[Event "NJSK 2022 Jeugd B"]
[Site "Almelo, Netherlands"]
[Date "2022.05.03"]
[Round "3.3"]
[White "Labruyere, Roger"]
[Black "Van der Hagen, Loek"]
[Result "0-1"]
[TimeControl "90min/40moves + 30min + 30sec/move"]
[WhiteElo "2199"]
[BlackElo "2071"]

1. e4 e6 2. d4 d5 3. Nd2 c5 4. Ngf3 cxd4 5. Nxd4 Nc6 6. Nxc6 bxc6 7. Bd3 Bd6 8. O-O Qc7 9. Kh1 Ne7 10.
Nb3 Ng6 11. c4 O-O 12. cxd5 cxd5 13. exd5 e5 14. Bd2 f5 15. Rc1 Qe7 16. f4 Nxf4 17. Bxf4 exf4 18. Re1 Qh4 19. Nd4 Rb8 20.
Qe2 Bd7 21. Nf3 Qh6 22. a3 Rfe8 23. Qf2 Re3 24. Bf1 Rbe8 25. h3 Qf6 26. Qd2 g5 27. Re2 g4 28. Nd4 Qe5 29. Rce1 Kf7 30.
Nc2 Bb5 31. g3 Bxe2 32. Nxe3 Bf3+ 33. Kg1 fxe3 0-1

[Event "NJSK 2022 Jeugd B"]
[Site "Almelo, Netherlands"]
[Date "2022.05.03"]
[Round "3.4"]
[White "Klaren, Oscar"]
[Black "Wage, Sander"]
[Result "1/2-1/2"]
[TimeControl "90min/40moves + 30min + 30sec/move"]
[WhiteElo "1878"]
[BlackElo "1859"]

1. e4 c5 2. Nf3 Nc6 3. Bb5 g6 4. O-O Bg7 5. Re1 e5 6. Bxc6 dxc6 7. d3 Qe7 8. a3 a5 9. Be3 Nf6 10.
a4 b6 11. Na3 Ba6 12. b3 O-O 13. h3 Nd7 14. Qd2 Rfb8 15. Rad1 Nf8 16. Bg5 f6 17. Bh6 Ne6 18. Bxg7 Kxg7 19.
Nb1 Rd8 20. Qe3 b5 21. Nbd2 bxa4 22. bxa4 Nd4 23. Nxd4 cxd4 24. Qg3 g5 25. Rb1 Rab8 26. Nb3 Qb4 27. f4 exf4 28. Qf3 Qd6 29.
Nxa5 Rxb1 30. Rxb1 Qc5 31. Rb7+ Bxb7 32. Nxb7 Qe7 33. Nxd8 Qxd8 34. e5 fxe5 35. Qxc6 Qa5 1/2-1/2

[Event "NJSK 2022 Jeugd B"]
[Site "Almelo, Netherlands"]
[Date "2022.05.03"]
[Round "3.5"]
[White "Van Egmond, Tom"]
[Black "Groen, Jari"]
[Result "1/2-1/2"]
[TimeControl "90min/40moves + 30min + 30sec/move"]
[WhiteElo "1672"]
[BlackElo "1750"]

1. e4 c5 2. Nf3 Nc6 3. Bb5 e6 4. Bxc6 bxc6 5. d3 Ne7 6. h4 d6 7. h5 e5 8. Nbd2 Bg4 9. Nc4 Qd7 10.
a3 Ng8 11. b4 cxb4 12. axb4 Qc7 13. Ne3 Be6 14. Ng5 Nf6 15. Nxe6 fxe6 16. Ng4 Be7 17. c4 O-O 18. Nxf6+ Bxf6 19.
Be3 a6 20. O-O Rfb8 21. Qa4 Qb7 22. Rfb1 Be7 23. Bd2 d5 24. c5 Qb5 25. Qxb5 axb5 26. exd5 exd5 27. f3 Kf7 28. Bc3 Bf6 29.
Re1 Re8 30. g4 Bg5 31. Rxa8 Rxa8 32. Rxe5 Bf6 33. Rf5 Ke6 34. Bxf6 gxf6 35. Kf2 Ra1 36. Ke3 h6 37. Kd2 Ra3 38.
Kc2 Ra1 39. Kd2 Rb1 40. Rf4 Ke5 41. Rf5+ Ke6 42. Rf4 Ke5 1/2-1/2

[Event "NJSK 2022 Jeugd B"]
[Site "Almelo, Netherlands"]
[Date "2022.05.03"]
[Round "3.6"]
[White "Aarts, Joaquin"]
[Black "Wierenga, Jael"]
[Result "1/2-1/2"]
[TimeControl "90min/40moves + 30min + 30sec/move"]
[WhiteElo "1631"]
[BlackElo "1691"]

1. d4 e6 2. Nf3 c5 3. e4 d5 4. exd5 exd5 5. dxc5 Bxc5 6. Bb5+ Nc6 7. O-O Nge7 8. Bg5 f6 9. Bf4 O-O 10.
a3 Bg4 11. Be2 g5 12. Bg3 Nf5 13. Nc3 Nxg3 14. hxg3 Ne7 15. Na4 Bd6 16. Nd4 Bxe2 17. Qxe2 Qd7 18. Nc3 Be5 19. Qd3 Rac8 20.
Rad1 Nc6 21. Nde2 d4 22. Rd2 Rfd8 23. Na2 Qe6 24. Nac1 Na5 25. b3 Qe7 26. a4 Nc6 27. Na2 Qa3 28.
Nec1 a5 29. f4 Bb8 30. fxg5 Ne5 31. Qf5 fxg5 32. Qxg5+ Ng6 33. Qf6 Rf8 34. Qxd4 Qe7 35. Qd5+ Kh8 36. Qd4+ Be5 37. Qd7 Qc5+ 38.
Rff2 Bxg3 39. Nd3 Bxf2+ 40. Nxf2 Rcd8 41. Qxd8 Rxd8 42. Rxd8+ Kg7 43. Rd2 Ne5 44. Kf1 Qa3 45. Rd5 Qb2 46.
Rc5 Qxa2 47. Rxe5 Qxc2 48. Rb5 Qc6 49. g4 Qf3 50. Ke1 Kg6 51. Rb6+ Kg7 52. Rb5 b6 1/2-1/2

[Event "NJSK 2022 Jeugd B"]
[Site "Almelo, Netherlands"]
[Date "2022.05.03"]
[Round "3.7"]
[White "De Heij, Mees"]
[Black "Smid, Jelle"]
[Result "0-1"]
[TimeControl "90min/40moves + 30min + 30sec/move"]
[WhiteElo "1622"]
[BlackElo "1450"]

1. e4 e6 2. Nc3 d5 3. d4 Nf6 4. e5 Nfd7 5. Nf3 c5 6. Bf4 Nc6 7. Bb5 Qb6 8. Bxc6 bxc6 9. Rb1 Ba6 10.
Be3 cxd4 11. Nxd4 c5 12. Nb3 d4 13. Qf3 Bb7 14. Ne4 dxe3 15. Qxe3 Bxe4 16. Qxe4 Qb4+ 17. Qxb4 cxb4 18. Nd4 Bc5 19.
Nf3 O-O 20. O-O Rfd8 21. Rfc1 Nb6 22. c3 bxc3 23. Rxc3 Rac8 24. g3 Nd5 25. Rcc1 Nb4 26. a3 Bxf2+ 27. Kg2 Rxc1 28. Rxc1 Nd3 29.
Rf1 Bb6 30. b4 h6 31. Rb1 Rd5 32. a4 Nxe5 33. Nxe5 Rxe5 34. Kf3 Re3+ 35. Kf4 g6 36. a5 Bd4 37. b5 0-1

[Event "NJSK 2022 Jeugd B"]
[Site "Almelo, Netherlands"]
[Date "2022.05.03"]
[Round "3.8"]
[White "Bakija, Alan"]
[Black "Blom, Rens"]
[Result "1-0"]
[TimeControl "90min/40moves + 30min + 30sec/move"]
[WhiteElo "1868"]
[BlackElo "1699"]

1. c4 c5 2. Nf3 Nc6 3. e3 e5 4. Nc3 Nf6 5. d4 e4 6. Ne5 g6 7. Nxc6 dxc6 8. Be2 Bg7 9. O-O O-O 10.
dxc5 Qe7 11. Rb1 Rd8 12. Qc2 a5 13. Na4 Nd7 14. Rd1 Re8 15. b3 Nxc5 16. Ba3 b6 17. Nxb6 Rb8 18. Na4 Rb4 19.
Nxc5 Qxc5 20. Qd2 Qe7 21. Bxb4 axb4 22. Qd6 Qxd6 23. Rxd6 c5 24. Rbd1 Bf8 25. Rd8 Rxd8 26. Rxd8 Be6 27.
a4 bxa3 28. Ra8 f5 29. Rxa3 Kf7 30. Kf1 Bd7 31. Bd1 Ke6 32. Ra6+ Bd6 33. f3 exf3 34. gxf3 f4 35. exf4 Ke7 36.
Ra5 Bh3+ 37. Kf2 Bc7 38. Ra7 Kd6 39. Bc2 Be6 40. Be4 Bd7 41. Kg3 Bb8 42. Ra6+ Ke7 43. Ra8 Bd6 44. h4 Kf6 45.
Rd8 Ke7 46. Rh8 Kf6 47. Rxh7 Be8 48. Ra7 Bf7 49. Bd5 Be8 50. Ra6 Ke7 51. Kg4 Bd7+ 52. Kg5 Be8 53. Be4 Kd7 54. Bc6+ 1-0